 Dungeon Crawl Stone Soup version 0.18-a0-1702-gd20c6a5 (webtiles) character file.

560457 M4edhros the Acrobat (level 26, -3/153 HPs)
             Began as an Octopode Wanderer on Mar 30, 2016.
             Was an Initiate of Gozag.
             Slain by a skeletal warrior
             ... wielding a +0 short sword
              (11 damage)
             ... on level 3 of the Crypt on Apr 7, 2016.
             The game lasted 11:31:10 (67208 turns).

M4edhros the Acrobat (Octopode Wanderer)           Turns: 67208, Time: 11:31:10

Health: -3/153     AC: 11    Str: 25    XL:     26   Next: 0%
Magic:  40/40      EV:  2    Int: 17    God:    Gozag
Gold:   2899       SH:  0    Dex: 24    Spells: 13 memorised, 5 levels left

rFire  + + .     SeeInvis +     Y - +8 rapier of the Badger {flame, rPois}
rCold  + + +     Gourm    .     c - +6 large shield {rPois}
rNeg   + + +     Faith    .     E - +2 hat
rPois  ∞         Spirit   .     Q - amulet of Vitality {Regen+ HP+15}
rElec  +         Dismiss  .     p - ring "Cisif" {rF+ rC+ Str+4 Dex-3 Slay+2}
rCorr  .         Reflect  .     I - ring "Nuacimoh" {rElec rF- rC+ EV+1 Slay+4}
SustAt .         Harm     .     n - ring of Xuerch {rF+ Dex+6}
MR     +....                    u - +4 ring of protection
Stlth  +++++++++.               L - +3 ring of slaying
                                T - ring "Sauf" {Str+4 Slay+5}
                                s - ring "Cuyxet" {rF+ Str+4 Dex+2}
                                X - ring of see invisible

@: petrified, slowed, drained, somewhat resistant to hostile enchantments,
incredibly stealthy
A: almost no armour, amphibious, 8 rings, constrict 8, iridescent scales 1,
camouflage 1, cold resistance 2, frail 2, sense surroundings 1, gelatinous body
1, subdued magic 1, MP-powered wands
a: Potion Petition, Call Merchant, Bribe Branch, Renounce Religion
}: 4/15 runes: decaying, serpentine, slimy, silver


You were on level 3 of the Crypt.
You worshipped Gozag.
Gozag was noncommittal.
You were very full.

You visited 9 branches of the dungeon, and saw 50 of its levels.
You visited the Abyss 2 times.
You also visited: Trove, Sewer, Ossuary and Ice Cave.

You collected 32415 gold pieces.
You spent 6819 gold pieces at shops.
You paid 22697 gold pieces to Gozag.

Inventory:

Hand Weapons
 j - a +9 greatsling of flaming
 G - a +3 demon trident of freezing
 Y - the +8 rapier of the Badger (weapon) {flame, rPois}
   (You found it on level 1 of the Orcish Mines)

   It has been specially enchanted to burn those struck by it, causing extra
   injury to most foes and up to half again as much damage against particularly
   susceptible opponents.
   It protects you from poison.
Missiles
 h - 561 stones (quivered)
 k - 88 sling bullets
 l - 28 steel sling bullets
Armour
 c - a +6 large shield of poison resistance (worn)
 E - a +2 hat (worn)
Jewellery
 n - the ring of Xuerch (on tentacle) {rF+ Dex+6}
   (You bought it in a shop on level 2 of the Vaults)

   [ring of protection from fire]

   It affects your dexterity (+6).
   It protects you from fire.
 p - the ring "Cisif" (left tentacle) {rF+ rC+ Str+4 Dex-3 Slay+2}
   (You bought it in a shop on level 10 of the Dungeon)

   [ring of strength]

   It affects your strength (+4).
   It affects your dexterity (-3).
   It affects your accuracy and damage with ranged weapons and melee attacks
   (+2).
   It protects you from fire.
   It protects you from cold.
 s - the ring "Cuyxet" (on tentacle) {rF+ Str+4 Dex+2}
   (You bought it in a shop on level 10 of the Dungeon)

   [ring of protection from fire]

   It affects your strength (+4).
   It affects your dexterity (+2).
   It protects you from fire.
 u - a +4 ring of protection (on tentacle)
 I - the ring "Nuacimoh" (right tentacle) {rElec rF- rC+ EV+1 Slay+4}
   (You bought it in a shop on level 6 of the Dungeon)

   [ring of evasion]

   It affects your evasion (+1).
   It affects your accuracy and damage with ranged weapons and melee attacks
   (+4).
   It makes you vulnerable to fire.
   It protects you from cold.
   It insulates you from electricity.
 K - an uncursed ring of protection from cold {unknown}
 L - a +3 ring of slaying (on tentacle)
 Q - the amulet of Vitality (around mantle) {Regen+ HP+15}
   (You found it on level 4 of the Vaults)

   [amulet of regeneration]

   It affects your health (+15).
   It increases your rate of regeneration.
 T - the ring "Sauf" (on tentacle) {Str+4 Slay+5}
   (You bought it in a shop on level 6 of the Dungeon)

   [ring of strength]

   It affects your strength (+4).
   It affects your accuracy and damage with ranged weapons and melee attacks
   (+5).
 X - a ring of see invisible (on tentacle)
Wands
 f - a wand of teleportation (6/9)
 r - a wand of digging (5/24)
 x - a wand of acid (10/15)
 y - a wand of hasting (5/9)
 C - a wand of disintegration (8/24)
Scrolls
 b - 6 scrolls of fear
 i - a scroll of magic mapping
 o - 9 scrolls of teleportation
 t - 6 scrolls of blinking
 R - 7 scrolls of fog
Potions
 d - 9 potions of lignification
 w - 8 potions of ambrosia
 z - 5 potions of agility
 B - 2 potions of might
 D - 2 potions of curing
 H - 6 potions of magic
 J - 4 potions of heal wounds
 M - a potion of resistance
 O - 3 potions of cancellation
 S - 3 potions of haste
Miscellaneous
 a - a box of beasts
 U - a sack of spiders {used: 1}
 V - a phial of floods
 W - a stone of tremors
 Z - a fan of gales
Comestibles
 g - 21 bread rations
 m - 12 fruits
 q - 6 slices of pizza


   Skills:
 - Level 12.6(11.8) Fighting
 - Level 10.2(9.5) Short Blades
 - Level 16.3(15.5) Slings
   Level 2.0(1.4) Bows
 - Level 1.0(10.3) Throwing
 - Level 21.0(20.1) Dodging
 - Level 16.9(16.1) Stealth
 * Level 19.7(18.8) Shields
 - Level 13.1(12.3) Spellcasting
 - Level 12.3(11.5) Charms
 - Level 6.6(6.0) Summonings
 - Level 4.2(3.5) Necromancy
 - Level 12.7(11.9) Translocations
 - Level 12.2(11.5) Air Magic
 + Level 2.4(1.8) Evocations


You had 5 spell levels left.
You knew the following spells:

 Your Spells              Type           Power        Failure   Level  Hunger
a - Regeneration          Chrm/Necr      ####......   1%          3    None
b - Repel Missiles        Chrm/Air       #####.       1%          2    None
c - Song of Slaying       Chrm           #####...     1%          2    None
d - Static Discharge      Conj/Air       ###.....     4%          3    None
e - Gell's Gravitas       Hex/Tloc       ###.......   3%          3    None
f - Mephitic Cloud        Conj/Pois/Air  ###.....     10%         3    None
g - Leda's Liquefaction   Hex/Erth       #.........   96%         4    ##.....
h - Ozocubu's Armour      Chrm/Ice       ###.....     4%          3    None
i - Deflect Missiles      Chrm/Air       #####.....   17%         6    ######.
j - Statue Form           Trmt/Erth      #........    100%        6    ######.
k - Summon Forest         Summ/Tloc      ####......   10%         5    ####...
l - Blink                 Tloc           N/A          1%          2    None
m - Passage of Golubria   Tloc           N/A          1%          4    ##.....


Dungeon Overview and Level Annotations

Branches:
Dungeon (15/15)            Temple (0/1) D:4            Lair (8/8) D:8
  Swamp (4/4) Lair:6        Snake (4/4) Lair:4        Slime (6/6) Lair:8
    Orc (2/2) D:10            Elf (3/3) Orc:2        Vaults (5/5) D:14
  Crypt (3/3) Vaults:3     Depths (0/5) D:15
   Tomb: Crypt:3

Altars:
Cheibriados
Fedhas
Gozag
Kikubaaqudgha
Makhleb
Nemelex Xobeh
Qazlal
Ru
Sif Muna
Trog
Vehumet
Xom
Yredelemnul
Zin
The Shining One
Beogh
Jiyva

Shops:
D:4 (   D:6 =   D:8 %   D:10 =?=(=   D:14 *?   Orc:1 (   Orc:2 =%}}:}   Elf:2 [
Lair:4 *   Vaults:2 =   Vaults:4 ?*   Vaults:5 *

Annotations:
D:6 exclusion: centaur
Lair:3 Ratboiler's ghost, journeyman HaWn


Innate Abilities, Weirdness & Mutations

You cannot wear most types of armour.
You are amphibious.
You can wear up to eight rings at the same time.
You can use your tentacles to constrict eight enemies at once.
Your skin changes colour to match your surroundings (Stealth).
Your rubbery body absorbs attacks (AC +1).
You are partially covered in iridescent scales (AC +4).
Your flesh is very cold resistant.
You are very frail (-20% HP).
You passively map a small area around you.
Your spells are a little easier to cast, but a little less powerful.
You expend magic power (3 MP) to strengthen your wands.


Message History

Helpless, you fail to dodge the crystal spear.
* * * LOW HITPOINT WARNING * * *
The skeletal warrior hits you with a short sword!
* * * LOW HITPOINT WARNING * * *
The wight hits you with an enchanted morningstar.
* * * LOW HITPOINT WARNING * * *
The lich touches you!
* * * LOW HITPOINT WARNING * * *
The skeletal warrior hits you from afar with a glaive!
* * * LOW HITPOINT WARNING * * *
The skeletal warrior hits you with a short sword.
* * * LOW HITPOINT WARNING * * *
The lich touches you but does no damage.
The wight hits you with an enchanted morningstar!
* * * LOW HITPOINT WARNING * * *
The skeletal warrior hits you from afar with a glaive.
* * * LOW HITPOINT WARNING * * *
The skeletal warrior hits you with a short sword!!
You die...
Your body crumbles into a pile of gold.

* , , #.......# +
......... ,#..####.#
..8.....8 , #..# #.# *
........ ,,* ,#..# #.# *
#.....# , , #..# #.#
*####.Z...########..####.#
, , ,
......z......##.........#
.8.8...zz8.8.##.........#


$$$$ .......$@....##.........# $$$$$ .8......L..8.##.........# $$$$
.......$.....##..#'####.# .8.........8.##..#....#.# , ......$$$..))##..#..(.#.#
, .8....$....8.##..#....#.# .................#...^#.# * *
####.....######..#....#.# , * #..$..# #..#....#.# You could see a lich, 2
skeletal warriors, a wight and an alligator skeleton.

Vanquished Creatures
  the Royal Jelly (Slime:6)
  Saint Roka (Crypt:2)
  Vashnia (Snake:3)
  Norris (Snake:3)
  A golden dragon (Vaults:5)
  Jorgrun (Snake:4)
  An Ice Fiend (IceCv)
  4 deep elf blademasters
  2 quicksilver dragons (Vaults:5)
  5 titans (Vaults:5)
  The ghost of feelmyfire the Warrior, an adept MiFi of Okawaru (Elf:3)
  14 acid blobs
  2 deep elf master archers (Elf:3)
  A sphinx (Vaults:5)
  An ancient champion (Crypt:3)
  A tentacled starspawn (Abyss:2)
  Frances (D:12)
  4 tengu reavers (Vaults:5)
  5 shadow dragons (Vaults:5)
  Agnes (Snake:4)
  3 thorn hunters
  10 azure jellies
  8 greater nagas (Snake:4)
  Kirke (D:14)
  2 revenants (Crypt:1)
  2 frost giants
  5 fire giants
  Aizul (Snake:3)
  9 deep elf sorcerers
  Donald (Snake:4)
  Maud (Lair:8)
  18 vault wardens
  An orc warlord (Orc:1)
  A curse skull (Crypt:3)
  22 ironheart preservers
  8 deep elf elementalists
  2 war gargoyles (Vaults:5)
  3 very ugly things
  5 salamander stormcallers
  14 stone giants
  9 deep elf demonologists
  A lorocyproca (Abyss:2)
  8 deep elf annihilators
  An eidolon (Abyss:2)
  34 vault guards
  An ettin (shapeshifter) (Vaults:5)
  2 fire dragons
  11 death oozes (Slime:6)
  8 ettins
  7 deep elf death magi
  9 great orbs of eyes
  8 deep elf high priests
  A fire dragon (shapeshifter) (Vaults:5)
  2 entropy weavers
  4 jiangshi (Crypt:1)
  12 yaktaur captains
  4 rakshasas
  Harold (Orc:1)
  12 naga warriors
  2 ice dragons
  The ghost of ololoev the Spear-Bearer, a journeyman MfSk of Okawaru (D:10)
  24 hydras
  2 ghost crabs
  A catoblepas (Lair:8)
  A queen ant (Lair:8)
  17 anacondas
  A deep troll shaman (Vaults:4)
  5 alligators
  8 ogre magi
  An anaconda (shapeshifter) (D:14)
  7 death knights
  A thrashing horror (Abyss:2)
  4 centaur warriors
  5 vampire magi
  A death yak (Lair:5)
  5 deep troll earth magi
  Urug (Lair:4)
  15 naga sharpshooters
  20 deep elf knights
  A storm dragon zombie (Crypt:2)
  7 shock serpents
  31 skeletal warriors
  2 soul eaters (Crypt:3)
  A wretched star (Abyss:2)
  3 salamander mystics
  2 fire crabs
  An unseen horror (Vaults:1)
  A storm dragon skeleton (Crypt:2)
  A shadow wraith (Vaults:2)
  5 giant orange brains
  31 deep trolls
  2 spatial maelstroms (Abyss:2)
  16 swamp dragons
  3 spriggan druids
  A wizard (Abyss:2)
  22 hill giants
  5 flayed ghosts
  2 shambling mangroves
  2 swamp dragons (shapeshifter) (Vaults:3)
  A lindwurm (Lair:8)
  8 naga ritualists
  13 deep elf archers
  An orange crystal statue (Crypt:2)
  16 ironbrand convokers
  A lindwurm (shapeshifter) (Vaults:4)
  A harpy (Vaults:3)
  An iron dragon zombie (Crypt:2)
  5 tengu skeletons
  7 phantasmal warriors
  A shadow dragon skeleton (Vaults:4)
  14 orc knights
  4 hornets
  6 necromancers
  82 deep elf magi
  A shining eye (shapeshifter) (Vaults:2)
  14 mana vipers
  A wolf spider (Vaults:4)
  An orb spider (shapeshifter) (Elf:3)
  44 ugly things
  7 griffons
  3 stone giant zombies
  5 shining eyes
  10 cyclopes
  6 elephants
  13 salamanders
  2 manticores
  3 orc sorcerers
  A frost giant skeleton (Vaults:5)
  An iron dragon skeleton (Crypt:2)
  A sphinx skeleton (Vaults:5)
  A worldbinder (Abyss:2)
  2 black mambas (shapeshifter)
  13 guardian serpents
  A water nymph (shapeshifter) (Vaults:5)
  An ice statue (IceCv)
  An eye of devastation (Slime:2)
  39 black mambas
  An eye of devastation (shapeshifter) (D:15)
  2 smoke demons (Abyss:2)
  14 naga magi
  A gargoyle (D:10)
  8 torpor snails
  18 vault sentinels
  A shock serpent skeleton (Crypt:1)
  A kobold demonologist (Vaults:3)
  8 human skeletons
  An orange demon (Abyss:2)
  24 spiny frogs
  A komodo dragon (shapeshifter) (Elf:3)
  2 efreet (D:14)
  4 komodo dragons
  4 rime drakes
  11 freezing wraiths
  6 ice devils
  2 anaconda simulacra
  A golden dragon simulacrum (IceCv)
  A black draconian skeleton (Crypt:1)
  39 yaktaurs
  A hellwing (Abyss:2)
  A guardian mummy (D:11)
  A hydra zombie (Crypt:1)
  2 yaktaur skeletons (Vaults:3)
  A polar bear (shapeshifter) (Vaults:3)
  21 two-headed ogres
  12 giant leeches
  A queen bee (shapeshifter) (Vaults:2)
  A mottled draconian skeleton (Crypt:3)
  A wind drake (shapeshifter) (Vaults:2)
  8 polar bears (Lair:8)
  23 blink frogs
  A hydra skeleton (Crypt:2)
  A moth of wrath zombie (Crypt:2)
  10 trolls
  A fire dragon zombie (Crypt:2)
  9 boulder beetles
  A wolf spider simulacrum (Crypt:2)
  7 raiju
  9 bog bodies
  An ettin zombie (Crypt:1)
  105 slime creatures
  3 redbacks
  8 wraiths
  3 ettin skeletons
  15 flying skulls
  2 tarantellas (Vaults:4)
  4 water elementals
  12 starcursed masses (Abyss:2)
  A vampire (D:6)
  2 spriggans
  4 dire elephant simulacra
  A shock serpent simulacrum (Crypt:1)
  An air elemental (Elf:3)
  3 wyverns
  9 shadows
  A ynoxinul (Abyss:2)
  83 yaks
  4 basilisks
  3 large abominations (Abyss:2)
  3 fire bats (Orc:1)
  2 hogs (shapeshifter)
  A hungry ghost (D:10)
  A fire bat (shapeshifter) (Vaults:3)
  15 golden eyes
  A wyvern (shapeshifter) (Vaults:5)
  6 fire elementals
  A human (shapeshifter) (Vaults:4)
  A death yak simulacrum (IceCv)
  10 hippogriffs
  31 vampire mosquitoes
  4 mottled dragons
  4 small abominations (Abyss:2)
  3 insubstantial wisps (Swamp:1)
  8 spatial vortices (Abyss:2)
  5 harpy simulacra
  16 wargs
  A chaos spawn (Abyss:2)
  5 hydra simulacra (IceCv)
  5 iron troll simulacra (IceCv)
  A water nymph zombie (Crypt:3)
  A deep troll zombie (Vaults:5)
  58 nagas
  16 soldier ants
  19 swamp worms
  An entropy weaver simulacrum (Vaults:2)
  14 swamp drakes
  4 hell hounds (Lair:8)
  19 water moccasins
  10 porcupines
  14 black bears
  3 ice beasts
  5 sky beasts
  15 wasps
  69 orc warriors
  2 ettin simulacra
  A lindwurm zombie (Crypt:2)
  7 eyes of draining
  10 boggarts
  An alligator simulacrum (IceCv)
  A boggart (shapeshifter) (Elf:3)
  2 phantoms
  14 wolves
  39 ogres
  12 crocodiles
  A crocodile (shapeshifter) (D:15)
  23 centaurs
  4 big kobolds
  2 elf zombies (Ossuary)
  25 giant frogs
  A wyvern zombie (D:9)
  2 gnoll sergeants
  4 earth elementals
  4 scorpions
  A boulder beetle zombie (Crypt:1)
  14 wights
  9 killer bees
  12 electric eels
  A raiju skeleton (Crypt:2)
  3 centaur zombies
  2 lava snakes (Orc:1)
  6 crimson imps
  5 human zombies
  A draconian simulacrum (IceCv)
  3 quasits
  32 jellies
  Crazy Yiuf (D:2)
  18 hounds
  15 orc priests
  2 centaur skeletons
  A giant frog skeleton (D:13)
  A gnoll shaman (Orc:2)
  34 orc wizards
  12 iguanas
  7 hell rats
  41 worker ants
  4 troll simulacra (IceCv)
  A wolf simulacrum (IceCv)
  18 sheep
  An ogre zombie (Crypt:3)
  4 centaur simulacra (IceCv)
  A deep dwarf skeleton (Crypt:1)
  A mottled dragon skeleton (Crypt:2)
  3 hound zombies (Ossuary)
  A hound skeleton (D:6)
  3 mummies (Ossuary)
  19 gnolls
  19 adders
  A naga simulacrum (IceCv)
  77 river rats
  A steam dragon zombie (Crypt:1)
  2 shadow imps
  9 white imps
  10 ufetubi
  5 oozes
  2 adder skeletons
  10 adder zombies (Ossuary)
  20 worms
  3 dart slugs
  4 giant geckos
  118 orcs
  4 giant cockroaches
  9 goblins
  9 hobgoblins
  8 jackals
  4 quokkas
  2 ball pythons (Sewer)
  8 bats
  4 giant newts
  3 gnoll zombies (Ossuary)
  A goblin zombie (Ossuary)
  2 hobgoblin zombies (Ossuary)
  5 jackal zombies
  27 kobolds
  4 kobold zombies (Ossuary)
  An orc skeleton (Crypt:1)
  2 quokka skeletons (D:4)
  2 quokka zombies (Ossuary)
  14 rats
  3 rat zombies (Ossuary)
  A butterfly (Lair:3)
  2 fire vortices (Vaults:5)
  2 fungi
  A lost soul (Crypt:1)
  A plant (Lair:8)
  A starspawn tentacle (Abyss:2)
2626 creatures vanquished.

Vanquished Creatures (collateral kills)
  A deep elf sorcerer (Elf:3)
  An ironbrand convoker (Vaults:4)
2 creatures vanquished.

Vanquished Creatures (others)
  A deep elf elementalist (Elf:3)
  A vault guard (Vaults:5)
  A deep elf high priest (Vaults:5)
  35 dancing weapons
  An alligator (Swamp:2)
  2 deep elf knights
  A worldbinder (Abyss:2)
  A vault sentinel (Vaults:4)
  5 yaktaurs
  A yak (Lair:3)
  A human (D:14)
  A boggart (Vaults:1)
  An ogre (Vaults:4)
  A jelly (Slime:2)
  A gnoll (Orc:2)
  A giant gecko (D:5)
  14 fungi
  2 lost souls
  34 plants
  153 snaplasher vine segments (Elf:3)
  3 starspawn tentacles (Abyss:2)
  A starspawn tentacle segment (Abyss:2)
262 creatures vanquished.

Grand Total: 2890 creatures vanquished

Notes
Turn   | Place    | Note
--------------------------------------------------------------
     0 | D:1      | M4edhros the Octopode Wanderer began the quest for the Orb.
     0 | D:1      | M4edhros set off with: a +2 dagger, a scroll of fear, a +0 shortbow, 25 arrows, 11 poisoned needles, a +0 blowgun, a bread ration
     0 | D:1      | Reached XP level 1. HP: 18/18 MP: 1/1
   304 | D:1      | Reached XP level 2. HP: 18/24 MP: 2/2
   419 | D:1      | Gained mutation: You are agile. (Dex +2) [potion of mutation]
   419 | D:1      | Gained mutation: You are robust (+10% HP). [potion of mutation]
   419 | D:1      | Gained mutation: You are very agile. (Dex +4) [potion of mutation]
  1033 | D:2      | Found a snail-covered altar of Cheibriados.
  1041 | D:2      | Found an opulent altar of Gozag.
  1054 | D:2      | Became a worshipper of Gozag Ym Sagoz the Greedy
  1062 | D:2      | Reached XP level 3. HP: 31/31 MP: 3/3
  1184 | D:2      | Reached skill level 1 in Slings
  1373 | D:2      | Reached skill level 5 in Stealth
  1373 | D:2      | Reached XP level 4. HP: 38/38 MP: 4/4
  1414 | D:2      | Found a radiant altar of Vehumet.
  1624 | D:2      | Noticed a cacodemon
  1625 | D:2      | Found a burning altar of Makhleb.
  1629 | D:2      | Found a glowing silver altar of Zin.
  1629 | D:2      | Noticed an angel
  1743 | D:2      | Noticed Crazy Yiuf
  1788 | D:2      | Killed Crazy Yiuf
  1856 | D:3      | Reached XP level 5. HP: 24/42 MP: 5/5
  2090 | D:3      | Found a glowing drain.
  2117 | Sewer    | Entered a sewer
  2154 | Sewer    | Noticed a big kobold
  2192 | Sewer    | Killed a big kobold
  2192 | Sewer    | Reached XP level 6. HP: 24/49 MP: 6/6
  2391 | Sewer    | Reached skill level 5 in Slings
  2546 | D:3      | Found a sparkling altar of Nemelex Xobeh.
  2550 | D:3      | Reached XP level 7. HP: 54/55 MP: 7/7
  3291 | D:4      | Reached skill level 1 in Dodging
  3302 | D:4      | Found a staircase to the Ecumenical Temple.
  3768 | D:4      | Reached skill level 2 in Dodging
  3768 | D:4      | Reached XP level 8. HP: 44/60 MP: 8/8
  4093 | D:4      | Found an ancient bone altar of Kikubaaqudgha.
  4293 | D:5      | Entered Level 5 of the Dungeon
  4304 | D:5      | Found a sand-covered staircase.
  4348 | D:5      | Got a shimmering long sword
  4349 | D:5      | Identified the cursed +0 long sword of Royalism {elec, *Confuse rElec rC+ MR+} (You found it on level 5 of the Dungeon)
  4353 | Ossuary  | Entered an ossuary
  4367 | Ossuary  | Reached skill level 3 in Dodging
  4603 | Ossuary  | Reached skill level 4 in Dodging
  5098 | D:5      | Reached skill level 5 in Dodging
  5150 | D:5      | Reached XP level 9. HP: 59/67 MP: 9/9
  5358 | D:5      | Reached skill level 10 in Stealth
  5407 | D:5      | Reached skill level 6 in Dodging
  5526 | D:5      | Found a sparkling altar of Nemelex Xobeh.
  5660 | D:5      | Found a stormy altar of Qazlal.
  5803 | D:6      | Found a blossoming altar of Fedhas.
  6054 | D:6      | Found a blossoming altar of Fedhas.
  6235 | D:6      | Identified Latzeomu's Guide on Dark Displacement
  6391 | D:6      | Reached skill level 7 in Dodging
  6395 | D:6      | Gained mutation: You are very robust (+20% HP). [potion of mutation]
  6395 | D:6      | Gained mutation: Your spells are a little easier to cast, but a little less powerful. [potion of mutation]
  6395 | D:6      | Lost mutation: You are very robust (+20% HP). [potion of mutation]
  6936 | D:7      | Got a shimmering lead ring
  6962 | D:7      | Identified the ring of the Establishment {rCorr rC+} (You found it on level 7 of the Dungeon)
  6985 | D:7      | Found a deep blue altar of Sif Muna.
  7134 | D:7      | Found a glowing golden altar of the Shining One.
  7264 | D:7      | Gained mutation: Your flesh is cold resistant. [potion of mutation]
  7264 | D:7      | Gained mutation: You are very robust (+20% HP). [potion of mutation]
  7264 | D:7      | Lost mutation: You are very robust (+20% HP). [potion of mutation]
  7679 | D:8      | Reached skill level 8 in Dodging
  7723 | D:8      | Reached XP level 10. HP: 57/72 MP: 10/10
  7772 | D:8      | Found a staircase to the Lair.
  8165 | D:8      | Found Paxof's Food Shoppe.
  8396 | D:8      | Reached skill level 9 in Dodging
  8512 | D:8      | Found a shimmering altar of Xom.
  9348 | D:9      | You fall through a shaft!
  9348 | D:10     | Entered Level 10 of the Dungeon
  9348 | D:10     | Noticed a gargoyle
 10160 | D:6      | Bought the ring "Sauf" {Str+4 Slay+5} for 715 gold pieces
 10313 | Lair:1   | Entered Level 1 of the Lair of Beasts
 10607 | Lair:1   | Noticed a spiny frog
 10620 | Lair:1   | Killed a spiny frog
 10620 | Lair:1   | Reached skill level 10 in Dodging
 10624 | Lair:1   | Noticed a spiny frog
 10852 | Lair:1   | Noticed a black mamba
 10858 | Lair:1   | Killed a black mamba
 10898 | Lair:1   | Reached XP level 11. HP: 69/78 MP: 11/11
 12154 | Lair:2   | Reached skill level 11 in Dodging
 12336 | Lair:2   | Found a sacrificial altar of Ru.
 12339 | Lair:2   | Gained mutation: You expend magic power (3 MP) to strengthen your wands. [potion of mutation]
 12339 | Lair:2   | Gained mutation: You regenerate slowly when monsters are visible. [potion of mutation]
 12339 | Lair:2   | Gained mutation: Scrolls take you a little longer to read. [potion of mutation]
 12994 | Lair:3   | HP: 3/78 [yak (16)]
 13522 | Lair:3   | Noticed Ratboiler's ghost (journeyman HaWn)
 13561 | Lair:2   | Noticed an eight-headed hydra
 13575 | Lair:2   | Killed an eight-headed hydra
 13737 | Lair:3   | Reached skill level 10 in Slings
 13819 | Lair:3   | Learned a level 3 spell: Regeneration
 13880 | Lair:3   | Reached skill level 1 in Shields
 13990 | Lair:3   | Reached skill level 1 in Charms
 14177 | Lair:3   | Reached XP level 12. HP: 70/84 MP: 12/12
 14324 | Lair:3   | Reached skill level 12 in Dodging
 15471 | Lair:4   | Noticed a five-headed hydra
 15704 | Lair:4   | Killed a five-headed hydra
 15901 | Lair:4   | Noticed an eight-headed hydra
 15915 | Lair:4   | Killed an eight-headed hydra
 16023 | Lair:4   | Noticed Urug
 16050 | Lair:4   | Killed Urug
 16607 | Lair:4   | Found a staircase to the Snake Pit.
 16857 | Lair:5   | Reached XP level 13. HP: 89/89 MP: 13/13
 16863 | Lair:5   | Reached skill level 13 in Dodging
 17116 | Lair:5   | Reached skill level 1 in Necromancy
 17462 | Lair:5   | Found a snail-covered altar of Cheibriados.
 18236 | D:6      | Bought the ring "Nuacimoh" {rElec rF- rC+ EV+1 Slay+4} for 439 gold pieces
 18683 | D:9      | Found a bloodstained altar of Trog.
 18728 | D:9      | Found a basalt altar of Yredelemnul.
 18826 | D:10     | Noticed ololoev's ghost (journeyman MfSk)
 18999 | D:10     | Killed ololoev's ghost
 18999 | D:10     | Reached skill level 5 in Shields
 19354 | D:10     | Upgraded the game from 0.18-a0-1655-ge2d8d33 to 0.18-a0-1666-g3ea6f2b
 19413 | D:10     | Found a roughly hewn altar of Beogh.
 19413 | D:10     | Found a staircase to the Orcish Mines.
 20611 | D:11     | Found a portal to a secret trove of treasure.
 20906 | D:12     | Noticed Frances
 20929 | D:12     | Killed Frances
 20929 | D:12     | Reached skill level 14 in Dodging
 21055 | D:12     | Got a glittering iron ring
 21057 | D:12     | Identified the ring of Qiroletz {+Blink Int+3} (You found it on level 12 of the Dungeon)
 21670 | D:13     | Reached XP level 14. HP: 99/99 MP: 14/14
 21926 | D:4      | Bought the +8 storm bow {elec} for 1862 gold pieces
 22120 | D:11     | You paid a toll of the storm bow to enter a treasure trove
 22121 | Trove    | Entered a treasure trove
 22158 | Trove    | Identified Sif Muna's Disquisition on the Glacier and Moulding
 22174 | Trove    | Identified Ceusazxaoxa's Reference Book on Unholy Fire
 22248 | D:11     | Learned a level 2 spell: Repel Missiles
 22251 | D:11     | Learned a level 2 spell: Song of Slaying
 22251 | D:11     | Upgraded the game from 0.18-a0-1666-g3ea6f2b to 0.18-a0-1685-g4482fe3
 22259 | D:11     | Learned a level 3 spell: Static Discharge
 22648 | Lair:6   | Reached skill level 1 in Air Magic
 22714 | Lair:6   | Reached skill level 1 in Translocations
 23193 | Lair:6   | Found a staircase to the Swamp.
 23535 | Lair:7   | Noticed Nessos
 23541 | Lair:7   | Noticed Nessos
 23541 | Lair:7   | Nessos changed into Nessos the giant orange brain
 23556 | Lair:7   | Killed Nessos the giant orange brain
 24368 | Lair:8   | Entered Level 8 of the Lair of Beasts
 24430 | Lair:8   | Found a staircase to the Slime Pits.
 24431 | Lair:8   | Found a viscous altar of Jiyva.
 24937 | Lair:8   | Reached skill level 5 in Translocations
 24970 | Lair:8   | Upgraded the game from 0.18-a0-1685-g4482fe3 to 0.18-a0-1692-g516f9e9
 25916 | Lair:8   | Found a runed door.
 26044 | Lair:8   | Reached XP level 15. HP: 55/105 MP: 15/15
 26278 | Lair:8   | Learned a level 3 spell: Gell's Gravitas
 26396 | Lair:8   | Noticed Maud
 26431 | Lair:8   | Reached skill level 15 in Slings
 26438 | Lair:8   | Killed Maud
 26967 | Lair:8   | Reached skill level 5 in Air Magic
 26991 | Lair:8   | Got a jewelled war axe
 26996 | Lair:8   | Identified the cursed +0 war axe "Zorrykle" {drain, rF+ MR+} (You found it on level 8 of the Lair of Beasts)
 27433 | Orc:1    | Entered Level 1 of the Orcish Mines
 28164 | Orc:1    | Reached skill level 15 in Dodging
 28432 | Orc:1    | Noticed a fire giant
 28478 | Orc:1    | Killed a fire giant
 28612 | Orc:1    | Lost mutation: You regenerate slowly when monsters are visible. [potion of mutation]
 28612 | Orc:1    | Gained mutation: Your body sometimes deteriorates upon taking damage. [potion of mutation]
 28623 | Orc:1    | Identified the Catalogue of the Volcanoes and Changing
 28627 | Orc:1    | Identified the Incunabulum of Arcane Weapons and Translocation
 28629 | Orc:1    | Got a brightly glowing flail
 28660 | Orc:1    | Identified the +6 flail of Expedience {crush, +Fly rF+ MR+ Int+3} (You found it on level 1 of the Orcish Mines)
 28665 | Orc:1    | Got a pitted spear
 28666 | Orc:1    | Identified the +9 spear of Cocytus {flame, *Noise rF+++ Int+7} (You found it on level 1 of the Orcish Mines)
 28668 | Orc:1    | Got an ivory rapier
 28669 | Orc:1    | Identified the +8 rapier of the Badger {flame, rPois} (You found it on level 1 of the Orcish Mines)
 28699 | Orc:1    | Upgraded the game from 0.18-a0-1692-g516f9e9 to 0.18-a0-1702-gd20c6a5
 28723 | Orc:1    | Got a polished flail
 28724 | Orc:1    | Identified the +4 flail "Dywikes" {crush, *Confuse rPois MR+++ Str+3 Dex-3} (You found it on level 1 of the Orcish Mines)
 29490 | Orc:1    | Noticed an orc warlord
 29498 | Orc:1    | Noticed Harold
 29516 | Orc:1    | Killed Harold
 29530 | Orc:1    | Killed an orc warlord
 29530 | Orc:1    | Reached skill level 1 in Short Blades
 29658 | Orc:1    | Found a burning altar of Makhleb.
 29812 | Orc:2    | Entered Level 2 of the Orcish Mines
 30209 | Orc:2    | Found Zoconox's Gadget Emporium.
 30453 | Orc:2    | Found a roughly hewn altar of Beogh.
 30575 | Orc:2    | Reached skill level 1 in Spellcasting
 30597 | Orc:2    | Reached XP level 16. HP: 44/111 MP: 12/17
 30768 | Orc:2    | Found a staircase to the Elven Halls.
 30891 | Orc:2    | Found Dadugief's Gadget Shop.
 30891 | Orc:2    | Found Ozynohad's Gadget Shoppe.
 30891 | Orc:2    | Found Miwiosen's Book Emporium.
 30894 | Orc:2    | Found Pothrut's Food Boutique.
 32020 | D:14     | Noticed Kirke
 32027 | D:14     | Killed Kirke
 32207 | D:14     | Found Toaphe's Magic Scroll Boutique.
 32215 | D:14     | Bought a scroll of identify for 22 gold pieces
 32215 | D:14     | Bought a scroll of identify for 22 gold pieces
 32215 | D:14     | Bought a scroll of enchant weapon for 82 gold pieces
 32309 | D:14     | Found a gate to the Vaults.
 32391 | D:14     | Reached skill level 5 in Short Blades
 32523 | D:14     | Reached skill level 10 in Translocations
 32764 | D:15     | Entered Level 15 of the Dungeon
 32887 | D:15     | Reached skill level 16 in Dodging
 33260 | D:15     | Found a staircase to the Depths.
 33728 | Swamp:1  | Entered Level 1 of the Swamp
 34660 | Swamp:2  | Reached XP level 17. HP: 111/117 MP: 23/23
 35334 | Swamp:3  | Found a frozen archway.
 35365 | IceCv    | Entered an ice cave
 35527 | IceCv    | Identified a scroll of acquirement
 35527 | IceCv    | Got a heavily runed buckler
 35533 | IceCv    | Identified the +3 buckler of the Thunderstorm {rN+} (You acquired it in an ice cave)
 36178 | IceCv    | Noticed an Ice Fiend
 36252 | IceCv    | Killed an Ice Fiend
 36828 | Swamp:3  | Learned a level 3 spell: Mephitic Cloud
 36833 | Swamp:3  | Learned a level 4 spell: Leda's Liquefaction
 37178 | Swamp:3  | Reached skill level 17 in Dodging
 37340 | Swamp:3  | Reached skill level 5 in Spellcasting
 37442 | Swamp:4  | Entered Level 4 of the Swamp
 37691 | Swamp:4  | Reached skill level 5 in Charms
 37784 | Swamp:4  | Got a decaying rune of Zot
 38572 | Snake:1  | Entered Level 1 of the Snake Pit
 38576 | Snake:1  | Reached XP level 18. HP: 123/123 MP: 27/27
 39379 | Snake:1  | Reached skill level 10 in Short Blades
 40655 | Snake:3  | Noticed Norris
 40676 | Snake:3  | Killed Norris
 40862 | Snake:3  | Noticed Aizul
 40892 | Snake:3  | Killed Aizul
 40892 | Snake:3  | Reached skill level 18 in Dodging
 41057 | Snake:3  | Noticed Vashnia
 41586 | Snake:3  | Killed Vashnia
 42249 | Snake:4  | Entered Level 4 of the Snake Pit
 42278 | Snake:4  | Noticed Jorgrun
 42288 | Snake:4  | Killed Jorgrun
 42361 | Snake:4  | Reached XP level 19. HP: 107/128 MP: 30/30
 42717 | Snake:4  | Noticed Donald
 42740 | Snake:4  | Killed Donald
 43616 | Snake:4  | Reached skill level 19 in Dodging
 43782 | Snake:4  | Reached skill level 10 in Shields
 43923 | Snake:4  | Noticed Agnes
 44189 | Snake:4  | Killed Agnes
 44363 | Snake:4  | Got a serpentine rune of Zot
 44737 | D:10     | Bought a scroll of acquirement for 936 gold pieces
 44740 | D:10     | Got an ancient buckler
 44751 | D:10     | Identified the -1 buckler of the Duchess {rC+} (You acquired it on level 10 of the Dungeon)
 44850 | Elf:1    | Entered Level 1 of the Elven Halls
 45665 | Elf:1    | Reached XP level 20. HP: 109/135 MP: 33/33
 45893 | Elf:2    | Found Puqez's Antique Armour Boutique.
 46164 | Elf:2    | Found a runed gate.
 46164 | Elf:2    | Found a runed gate.
 46165 | Elf:2    | Found a runed gate.
 46229 | Elf:2    | Reached skill level 20 in Dodging
 46308 | Elf:2    | Reached skill level 10 in Spellcasting
 46475 | Elf:3    | Entered Level 3 of the Elven Halls
 46975 | Elf:3    | Noticed a Brimstone Fiend
 46980 | Elf:3    | Noticed a Brimstone Fiend
 47277 | Elf:3    | Got a transparent lead ring
 47279 | Elf:3    | Identified the ring "Diphin" {rN+ Int+3} (You took it off a deep elf demonologist on level 3 of the Elven Halls)
 47363 | Elf:3    | Reached skill level 21 in Dodging
 47363 | Elf:3    | Reached XP level 21. HP: 140/140 MP: 35/35
 47584 | Elf:3    | Got a fine hunting sling
 47585 | Elf:3    | Identified the +4 hunting sling "Qusuduub" {freeze, rN++ SInv Stlth-} (You found it on level 3 of the Elven Halls)
 47595 | Elf:3    | Learned a level 3 spell: Ozocubu's Armour
 47597 | Elf:3    | Identified the Handbook of Flight (You found it on level 3 of the Elven Halls)
 47606 | Elf:3    | Learned a level 6 spell: Deflect Missiles
 47623 | Elf:3    | Learned a level 6 spell: Statue Form
 47652 | Elf:3    | Cast into level 2 of the Abyss (a deep elf demonologist)
 47659 | Abyss:2  | Gained mutation: You are somewhat resistant to further mutation. [potion of mutation]
 47659 | Abyss:2  | Lost mutation: You expend magic power (3 MP) to strengthen your wands. [potion of mutation]
 48270 | Elf:3    | Escaped the Abyss
 48292 | Elf:3    | Got a clouded iron ring
 48307 | Elf:3    | Identified the ring "Cuolibimnu" {rElec Int+4 Dex+3} (You found it on level 3 of the Elven Halls)
 48759 | Elf:3    | Noticed feelmyfire's ghost (adept MiFi)
 49280 | D:10     | Bought the ring "Cisif" {rF+ rC+ Str+4 Dex-3 Slay+2} for 701 gold pieces
 49290 | D:10     | Bought the ring "Cuyxet" {rF+ Str+4 Dex+2} for 624 gold pieces
 49506 | Vaults:1 | Entered Level 1 of the Vaults
 49550 | Vaults:1 | Identified the Catalogue of the Magpie
 50333 | Vaults:1 | Found Toskud's General Store.
 50911 | Vaults:2 | Cast into level 3 of the Abyss (a deep elf sorcerer)
 50941 | Vaults:2 | Escaped the Abyss
 51403 | Vaults:2 | Reached XP level 22. HP: 106/155 MP: 37/37
 51731 | Vaults:2 | Identified the Almanac of the Flamy Traveller (You found it on level 2 of the Vaults)
 51739 | Vaults:2 | Learned a level 5 spell: Summon Forest
 52648 | Vaults:2 | Reached skill level 10 in Fighting
 52689 | Vaults:2 | Bought the ring of Xuerch {rF+ Dex+6} for 579 gold pieces
 53139 | Vaults:3 | Reached skill level 10 in Charms
 53161 | Vaults:3 | Found a staircase to the Crypt.
 53165 | Vaults:3 | Reached skill level 10 in Air Magic
 54312 | Vaults:3 | Reached XP level 23. HP: 165/165 MP: 38/38
 54448 | Vaults:4 | Reached skill level 1 in Summonings
 54780 | Vaults:4 | Reached skill level 15 in Stealth
 54839 | Vaults:4 | Reached skill level 15 in Shields
 55037 | Vaults:4 | Lost mutation: You are very agile. (Dex +4) [potion of cure mutation]
 55037 | Vaults:4 | Lost mutation: You are somewhat resistant to further mutation. [potion of cure mutation]
 55037 | Vaults:4 | Lost mutation: Scrolls take you a little longer to read. [potion of cure mutation]
 55037 | Vaults:4 | Lost mutation: You are agile. (Dex +2) [potion of cure mutation]
 55037 | Vaults:4 | Lost mutation: Your body sometimes deteriorates upon taking damage. [potion of cure mutation]
 55037 | Vaults:4 | Lost mutation: You are robust (+10% HP). [potion of cure mutation]
 55359 | Vaults:4 | Found Jibinex's Magic Scroll Shop.
 55367 | Vaults:4 | Bought a scroll of enchant weapon for 105 gold pieces
 55871 | Vaults:5 | Entered Level 5 of the Vaults
 56178 | Vaults:5 | Reached XP level 24. HP: 158/158 MP: 39/39
 56325 | Vaults:5 | Learned a level 2 spell: Blink
 56330 | Vaults:5 | Learned a level 4 spell: Passage of Golubria
 56504 | Vaults:5 | Found Nomnorank's General Store.
 56506 | Vaults:5 | Gained mutation: You passively map a small area around you. [potion of mutation]
 56506 | Vaults:5 | Gained mutation: You are partially covered in iridescent scales (AC +4). [potion of mutation]
 56506 | Vaults:5 | Gained mutation: You are frail (-10% HP). [potion of mutation]
 56507 | Vaults:5 | Gained mutation: Your flesh is very cold resistant. [potion of mutation]
 56543 | Vaults:5 | Bought a potion of heal wounds for 70 gold pieces
 56605 | Vaults:5 | Reached skill level 5 in Summonings
 57279 | Vaults:5 | Got a silver rune of Zot
 59175 | D:14     | Bought 2 potions of agility for 264 gold pieces
 59175 | D:14     | Bought a scroll labeled WIGUJO QETEIWK for 33 gold pieces
 59815 | Vaults:4 | Bought a faintly glowing bone ring for 155 gold pieces
 59816 | Vaults:4 | Bought a scroll of enchant armour for 105 gold pieces
 59818 | Vaults:4 | Identified the ring "Weebloch" {Fire rN+ Str+4} (You bought it in a shop on level 4 of the Vaults)
 60222 | Lair:4   | Bought a scroll of enchant armour for 105 gold pieces
 60740 | Elf:3    | Found a deep blue altar of Sif Muna.
 61061 | Elf:3    | Killed feelmyfire's ghost
 61061 | Elf:3    | Reached XP level 25. HP: 139/150 MP: 2/40
 61454 | Slime:1  | Entered Level 1 of the Pits of Slime
 61875 | Slime:2  | Gained mutation: You expend magic power (3 MP) to strengthen your wands. [a shining eye]
 63451 | Slime:6  | Entered Level 6 of the Pits of Slime
 63548 | Slime:6  | Found a viscous altar of Jiyva.
 63551 | Slime:6  | Noticed the Royal Jelly
 63640 | Slime:6  | Killed the Royal Jelly
 63710 | Slime:6  | Gained mutation: You are very frail (-20% HP). [a shining eye]
 64023 | Slime:6  | Got a slimy rune of Zot
 64061 | Slime:6  | Got a twisted short sword
 64135 | Slime:6  | Identified the +6 short sword of Optimality {drain, *Confuse MR+ Int+3} (You found it on level 6 of the Pits of Slime)
 65105 | Crypt:1  | Entered Level 1 of the Crypt
 66204 | Crypt:2  | Noticed Saint Roka
 66254 | Crypt:2  | Killed Saint Roka
 67008 | Crypt:3  | Entered Level 3 of the Crypt
 67099 | Crypt:3  | Reached skill level 1 in Evocations
 67199 | Crypt:3  | Reached XP level 26. HP: 138/138 MP: 40/40
 67207 | Crypt:3  | HP: 7/153 [skeletal warrior/glaive (3)]
 67208 | Crypt:3  | Slain by a skeletal warrior

Vault maps used:
D:1:      evilmike_arrival_run_for_it, minivault_5
D:2:      vehumet_crystals, grunt_temple_overflow_order_and_chaos_2,
          grunt_temple_overflow_open, uniq_crazy_yiuf_cottage
D:3:      old_standard_altar, first_bread, portal_sewer_entry_c
D:4:      marbit_many_paths, minmay_temple_entry_junction
D:5:      nicolae_qazlal_style_of_elements, nicolae_ossuary_entry_plus,
          nemelex_diamond_rough_becter
D:6:      kennysheep_mini, fedhas_bush_and_centaur_altar
D:7:      overflow_temple_1_default, nicolae_overflow_crystal_walls,
          minmay_misc_feat_roman
D:8:      overflow_temple_1_default, dpeg_lair_monsters, serial_shops, shop,
          hangedman_pestilent_swarm
D:9:      overflow_temple_1_default, kennysheep_mini_moat
D:10:     david_orc_5
D:11:     nicolae_trove_entry_path_of_doom
D:12:     uniq_frances
D:13:     boulder_corridor_run
D:14:     david_vaults_4, serial_shops, shop, uniq_kirke
D:15:     gammafunk_enter_depths_forms, interstate_on_off
Lair:2:   basic_altar, infiniplex_staircase_pool_2
Lair:3:   st_stairs_5, serial_bayou_ford_a, lemuel_fruit_fields,
          grunt_megastairs_5, serial_bayou_shore_b
Lair:4:   guppyfry_snake_entry_island, uniq_urug
Lair:5:   st_stairs_12, kennysheep_snail_temple, grunt_megastairs_4,
          bh_autumn_forest_stairs
Lair:6:   nicolae_swamp_entry_splash_gauntlet
Lair:7:   serial_bayou_shore_b, uniq_nessos
Lair:8:   wormcave, hangedman_lair_caniforms_friends, slime_altar_1,
          zaba_anthell, uniq_maud
Swamp:1:  serial_swamp_ruin, evilmike_swamp_ruin_house_1,
          evilmike_swamp_ruin_house_4, evilmike_swamp_ruin_rubble_2
Swamp:2:  evilmike_swamp_ruin_house_3
Swamp:3:  portal_ice_cave_entry_pillars_02, evilmike_swamp_ruin_rubble_1,
          nicolae_swamp_rocky_clearing
Swamp:4:  swamp_alternative
Snake:2:  basic_stair_grate_trap, lemuel_fruit_tree
Snake:3:  uniq_vashnia, uniq_norris, uniq_aizul
Snake:4:  grunt_snake_rune_serpentine_throne, uniq_jorgrun, uniq_agnes,
          uniq_donald
Slime:2:  nicolae_slime_phagocytosis
Slime:5:  basic_altar
Orc:1:    giant_chief_lemuel, bloody_makhleb, uniq_harold
Orc:2:    st_orc_rangers, basic_altar, serial_shops, nicolae_shop_crystal
Elf:1:    eino_elf_arrival_customs, minmay_elf_crystal_hexagon, moated_statue
Elf:2:    serial_shops, shop, nooodl_food_tri
Elf:3:    nooodl_elf_gasket, basic_altar
Vaults:1: st_more_cells, vaults_dpeg_cross, ontoclasm_vaults_eye,
          nicolae_vaults_theta, vaults_room_pool,
          nicolae_vaults_border_crossing, v_misc_29, v_alt_pattern_2,
          ontoclasm_vaults_chip, serial_shops, nicolae_shop_window_shopping
Vaults:2: st_diamondy, ontoclasm_vaults_fault, v_rooms_2,
          ontoclasm_vaults_twist, ontoclasm_vaults_loading_screen, v_misc_12,
          v_misc_9, v_misc_13, vaults_room_ringed_pool
Vaults:3: vaults_mumra_lcd, v_pattern_3, nicolae_vaults_arrows,
          vaults_mumra_chevron, vaults_room_grunt_arrival_checkpoint,
          nicolae_vaults_little_ls, grunt_vaults_funnel,
          vaults_standard_mumra_enter_the_diamond, v_misc_28, v_alt_pattern_1,
          v_misc_13, vaults_room_hallway, nicolae_vaults_theta,
          vaults_room_pool, nicolae_vaults_angled_halls,
          minmay_crypt_entry_skeletal_spiral
Vaults:4: nicolae_vaults_asterisk, st_smaller_cells, vaults_room_fours,
          v_misc_24, hangedman_vaults_trim, v_misc_18, vaults_room_octagon,
          ontoclasm_vaults_ring_large, v_rooms_5,
          nicolae_vaults_little_squares_2, nicolae_vaults_what_the_h,
          hangedman_vaults_restitches, nicolae_vaults_little_squares_4,
          serial_shops, nicolae_shop_stone
Vaults:5: serial_shops
Crypt:1:  eino_tiny_chamber, grunt_crypt_arrival_split,
          roderic_lattice_octagonal_star
Crypt:2:  statuecave_lemuel, uniq_saint_roka
Crypt:3:  due_elkab, serial_sigils_hangedman_snap
Abyss:3:  grunt_abyss_rune_wretched_hive
Trove:    trove_library
Sewer:    kennysheep_pipe_town
Ossuary:  minmay_ossuary_two_tombs
IceCv:    ice_cave_caverns_01

Skill      XL: |  1  2  3  4  5  6  7  8  9 10 11 12 13 14 15 16 17 18 19 20 21 22 23 24 25 |
---------------+----------------------------------------------------------------------------+-----
Stealth        | 3 4 5 6 7 8 9 11 12 13 14 16 | 16.9
Slings         | 2 4 5 6 7 8 10 11 12 14 16 | 16.3
Dodging        | 2 5 8 10 11 12 14 15 16 17 18 19 21 | 21.0
Shields        | 1 4 5 6 7 9 10 12 13 14 15 16 19 | 19.7
Charms         | 1 3 4 5 6 8 10 11 12 | 12.3
Necromancy     | 4 |  4.2
Fighting       | 6 9 10 11 12 | 12.6
Air Magic      | 4 5 8 10 11 12 | 12.2
Translocations | 6 8 11 12 | 12.7
Short Blades   | 2 7 9 10 | 10.2
Spellcasting   | 1 4 6 7 9 10 11 12 13 | 13.1
Summonings     | 4 6 |  6.6
Evocations     | 2 |  2.4
Bows           | |  2.0
Throwing       | |  1.0

Action                   |  1- 3 |  4- 6 |  7- 9 | 10-12 | 13-15 | 16-18 | 19-21 | 22-24 | 25-27 || total
-------------------------+-------+-------+-------+-------+-------+-------+-------+-------+-------++-------
Melee: Dagger            |    29 |       |    15 |       |       |       |       |       |       ||    44
       Hunting sling     |       |     8 |       |       |     6 |       |       |       |       ||    14
       Quarterstaff      |       |    62 |    76 |       |       |       |       |       |       ||   138
       Long sword        |       |       |   117 |       |       |       |       |       |       ||   117
       Pair of quick bla |       |       |       |       |    81 |   131 |       |       |       ||   212
       War axe           |       |       |       |       |    21 |       |       |       |       ||    21
       Rapier            |       |       |       |       |       |    30 |   744 |  1287 |   296 ||  2357
       Spear             |       |       |       |       |       |    30 |       |       |       ||    30
 Fire: Shortbow          |     7 |       |       |       |       |       |       |       |       ||     7
       Hunting sling     |    54 |    12 |   199 |   978 |  1407 |  1545 |  1018 |       |       ||  5213
       Blowgun           |       |     7 |     9 |       |       |       |       |       |       ||    16
       Greatsling        |       |       |       |       |   465 |       |   176 |   312 |   661 ||  1614
 Cast: Song of Slaying   |       |       |       |       |     1 |       |       |     1 |       ||     2
       Regeneration      |       |       |       |       |    11 |    35 |    40 |    33 |    31 ||   150
       Repel Missiles    |       |       |       |       |       |     3 |     4 |     2 |       ||     9
       Mephitic Cloud    |       |       |       |       |       |     2 |       |    26 |       ||    28
       Ozocubu's Armour  |       |       |       |       |       |       |       |     4 |       ||     4
       Summon Forest     |       |       |       |       |       |       |       |     2 |       ||     2
       Deflect Missiles  |       |       |       |       |       |       |       |     1 |       ||     1
Invok: Call Merchant     |       |       |     2 |     1 |     3 |     1 |     3 |     3 |       ||    13
       Potion Petition   |       |       |       |       |     1 |     2 |     2 |     1 |       ||     6
 Abil: Evoke Flight      |       |       |       |       |     2 |       |       |       |       ||     2
       Stop Flying       |       |       |       |       |     1 |       |       |       |       ||     1
Evoke: Wand              |       |     2 |     3 |    19 |    18 |     9 |     2 |     1 |     1 ||    55
       Stone of tremors  |       |       |       |       |     2 |       |     1 |       |     1 ||     4
       Phial of floods   |       |       |       |       |       |       |     1 |     2 |     1 ||     4
       Sack of spiders   |       |       |       |       |       |       |       |       |     1 ||     1
  Use: Potion            |     2 |     3 |     5 |     7 |    11 |     8 |     6 |     8 |       ||    50
       Scroll            |       |     7 |    13 |     9 |    12 |    18 |    13 |    18 |     9 ||    99
 Stab: Sleeping          |     4 |     9 |    18 |       |       |    23 |    33 |    21 |    15 ||   123
       Petrifying        |       |     1 |       |       |       |       |       |       |       ||     1
       Distracted        |       |     1 |     1 |       |     7 |     3 |    16 |    36 |    10 ||    74
       Confused          |       |     1 |       |       |       |       |       |    15 |       ||    16
  Eat: Meat ration       |       |     1 |     1 |     2 |     6 |     5 |     4 |     6 |     3 ||    28
       Beef jerky        |       |       |     1 |     1 |     1 |     1 |     1 |     1 |     1 ||     7
       Pizza             |       |       |     3 |     1 |       |       |     1 |     1 |       ||     6
       Bread ration      |       |       |     1 |     1 |       |       |       |       |     3 ||     5
       Royal jelly       |       |       |       |     7 |     5 |     5 |     4 |     1 |       ||    22
